 Dungeon Crawl Stone Soup version 0.29-a0-892-g2c4c91d9db (webtiles) character file.

Game seed: 11534347406598834060

350 jimonade the Shield-Bearer (level 6, -1/53 HPs)
             Began as a Gnoll Fighter on July 22, 2022.
             Slain by a black bear (10 damage)
             ... on level 4 of the Dungeon.
             The game lasted 00:05:37 (3816 turns).

jimonade the Shield-Bearer (Gnoll Fighter)          Turns: 3816, Time: 00:05:38

Health: -1/53      AC: 13    Str: 16    XL:     6   Next: 60%
Magic:  9/9        EV:  9    Int:  9    God:
Gold:   217        SH:  5    Dex: 11    Spells: 9/9 levels left

rFire   x . .      SeeInvis .   a - +0 trident
rCold   + + .      Faith    .   c - +0 buckler
rNeg    . . .      Spirit   .   v - +0 ice dragon scales
rPois   .          Reflect  .   (no helmet)
rElec   .          Harm     .   (no cloak)
rCorr   .          Rampage  .   h - +0 pair of gloves
Will    +....                   (no boots)
Stlth   ..........              (no amulet)
HPRegen 0.17/turn               p - ring of willpower
MPRegen 0.11/turn               (no ring)

@: no status effects
A: fangs 1, strong nose, distributed training
a: no special abilities


You were on level 4 of the Dungeon.
You visited 1 branch of the dungeon, and saw 5 of its levels.

You collected 217 gold pieces.

Inventory:

Hand Weapons
 a - a +0 trident (weapon)
 i - a +0 dagger
 z - a +0 sling
 B - a +0 long sword
Missiles
 e - 8 poisoned darts (quivered)
 j - 25 stones
Armour
 b - a +0 scale mail
 c - a +0 buckler (worn)
 h - a +0 pair of gloves (worn)
 k - a +0 leather armour
 v - +0 ice dragon scales (worn)
 G - a +0 ring mail of positive energy
Jewellery
 p - a ring of willpower (left hand)
 F - a ring of wizardry
Wands
 A - a wand of mindburst (15)
 E - a wand of charming (3)
Scrolls
 f - a scroll of identify
 g - 2 scrolls of noise {unknown}
 l - a scroll of blinking {unknown}
 m - a scroll of teleportation {unknown}
 q - a scroll of summoning {unknown}
 r - 2 scrolls of magic mapping {unknown}
 t - a scroll of poison {unknown}
 w - a scroll of amnesia {unknown}
 y - 2 scrolls of silence {unknown}
 C - a scroll of brand weapon {unknown}
Potions
 d - 3 potions of might
 o - a potion of mutation
 s - 2 potions of brilliance
 u - a potion of magic
 x - a potion of heal wounds
 D - a potion of lignification


   Skills:
 + Level 6.9 Fighting
 + Level 2.1 Short Blades
 + Level 2.1 Long Blades
 + Level 2.1 Axes
 + Level 2.1 Maces & Flails
 + Level 5.0 Polearms
 + Level 2.1 Staves
 + Level 2.1 Ranged Weapons
 + Level 2.1 Throwing
 + Level 6.9 Armour
 + Level 2.1 Dodging
 + Level 2.1 Stealth
 + Level 6.9 Shields
 + Level 2.1 Unarmed Combat
 + Level 2.1 Spellcasting
 + Level 1.6 Conjurations
 + Level 1.6 Hexes
 + Level 1.6 Summonings
 + Level 1.6 Necromancy
 + Level 1.6 Translocations
 + Level 1.6 Transmutations
 + Level 1.6 Fire Magic
 + Level 1.6 Ice Magic
 + Level 1.6 Air Magic
 + Level 1.6 Earth Magic
 + Level 1.6 Poison Magic
 + Level 2.3 Invocations
 + Level 2.1 Evocations


You had 9 spell levels left.
You didn't know any spells.
Your spell library contained the following spells:

 Spells                   Type           Power      Damage    Failure   Level
 Freeze                   Ice            12%        1d4       63%         1
 Blink                    Tloc           6%         N/A       77%         2
 Poisonous Vapours        Pois/Air       6%         N/A       77%         2
 Frozen Ramparts          Ice            6%         1d2       94%         3
 Lesser Beckoning         Tloc           3%         N/A       94%         3
 Corpse Rot               Necr/Pois/Air  3%         N/A       100%        4
 Hailstorm                Conj/Ice       3%         3d3       100%        4
 Manifold Assault         Tloc           3%         N/A       100%        5


Dungeon Overview and Level Annotations

Branches:
Dungeon (5/15)
 Temple: D:4-7

Altars:
Sif Muna
Trog
Vehumet

Annotations:
D:4 1 runed translucent door, Crazy Yiuf


Innate Abilities, Weirdness & Mutations

You have very sharp teeth.
Your uncanny sense of smell can sniff out nearby items.
Your experience applies equally to all skills.


Message History

The black bear claws you but does no damage.
You hit the black bear but do no damage.
The black bear is heavily wounded.
The black bear bites you but does no damage.
The black bear closely misses you.
The black bear claws you but does no damage.
You hit the black bear. Your bite misses the black bear.
The black bear is severely wounded.
The black bear bites you but does no damage.
You block the black bear's attack. The black bear closely misses you.
You hit the black bear. You bite the black bear.
The black bear is almost dead.
The black bear goes berserk!
You hit the black bear but do no damage.
The black bear is almost dead.
The black bear barely misses you.
The black bear claws you but does no damage.
You block the black bear's attack. The black bear barely misses you.
You block the black bear's attack. The black bear barely misses you.
You barely miss the black bear. You bite the black bear.
The black bear is almost dead.
The black bear bites you. You block the black bear's attack.
The black bear claws you.
* * * LOW HITPOINT WARNING * * *
You hit the black bear.
The black bear is almost dead.
The black bear bites you.
* * * LOW HITPOINT WARNING * * *
The black bear barely misses you.
The black bear claws you but does no damage.
You block the black bear's attack.
The black bear claws you but does no damage.
The black bear barely misses you.
You hit the black bear but do no damage.
The black bear is almost dead.
The black bear bites you but does no damage.
You block the black bear's attack. The black bear claws you.
* * * LOW HITPOINT WARNING * * *
The black bear bites you!
You die...

###
############################.##
#...<........lh@.........##.#.##
#.##########..####.........###.#
##.####.........l............#.##
........#####....>..#####.##..##
.........# #..###### #.##..#
##.#####.# #..# #.##..#
##.#####.# #..# #.##..#
##.......####..# #####.##..#
...........##..######..^......#


You could see a black bear (berserk) and an iguana.

Vanquished Creatures
  A scorpion (D:4)
  2 hounds (D:5)
  A jelly (D:4)
  An iguana (D:4)
  3 orc wizards
  2 adders (D:4)
  A dart slug (D:3)
  18 orcs
  A bat (D:1)
  4 endoplasms
  6 giant cockroaches
  6 goblins
  4 hobgoblins
  2 quokkas
  8 ball pythons
  A frilled lizard (D:3)
  4 kobolds
65 creatures vanquished.

Notes
Turn   | Place    | Note
-------+----------+-------------------------------------------
     0 | D:1      | jimonade the Gnoll Fighter began the quest for the Orb.
     0 | D:1      | Reached XP level 1. HP: 23/23 MP: 1/1
   148 | D:1      | Reached XP level 2. HP: 29/29 MP: 2/2
   702 | D:1      | Reached XP level 3. HP: 29/35 MP: 3/3
   842 | D:2      | Found a faded altar of an unknown god.
  1585 | D:3      | Reached skill level 1 in Invocations
  1606 | D:3      | Reached skill level 1 in Short Blades
  1606 | D:3      | Reached skill level 1 in Long Blades
  1606 | D:3      | Reached skill level 1 in Axes
  1606 | D:3      | Reached skill level 1 in Maces & Flails
  1606 | D:3      | Reached skill level 1 in Staves
  1606 | D:3      | Reached skill level 1 in Ranged Weapons
  1606 | D:3      | Reached skill level 1 in Throwing
  1606 | D:3      | Reached skill level 1 in Dodging
  1606 | D:3      | Reached skill level 1 in Stealth
  1606 | D:3      | Reached skill level 1 in Unarmed Combat
  1606 | D:3      | Reached skill level 1 in Spellcasting
  1606 | D:3      | Reached skill level 1 in Evocations
  1606 | D:3      | Reached XP level 4. HP: 26/41 MP: 5/5
  2035 | D:3      | Reached skill level 1 in Conjurations
  2035 | D:3      | Reached skill level 1 in Hexes
  2035 | D:3      | Reached skill level 1 in Summonings
  2035 | D:3      | Reached skill level 1 in Necromancy
  2035 | D:3      | Reached skill level 1 in Translocations
  2035 | D:3      | Reached skill level 1 in Transmutations
  2035 | D:3      | Reached skill level 1 in Fire Magic
  2035 | D:3      | Reached skill level 1 in Ice Magic
  2035 | D:3      | Reached skill level 1 in Air Magic
  2035 | D:3      | Reached skill level 1 in Earth Magic
  2035 | D:3      | Reached skill level 1 in Poison Magic
  2585 | D:4      | Reached XP level 5. HP: 39/47 MP: 5/7
  2724 | D:4      | Found a radiant altar of Vehumet.
  2726 | D:4      | Found a shimmering blue altar of Sif Muna.
  2913 | D:4      | Found a runed translucent door.
  2914 | D:4      | Noticed Crazy Yiuf
  3236 | D:4      | Reached XP level 6. HP: 51/53 MP: 8/8
  3485 | D:4      | Found a bloodstained altar of Trog.
  3593 | D:5      | Entered Level 5 of the Dungeon
  3618 | D:5      | Reached skill level 5 in Polearms
  3777 | D:5      | Noticed a black bear
  3785 | D:5      | Noticed a water moccasin
  3816 | D:4      | Slain by a black bear

Illustrated notes

Levels and vault maps discovered:
D:1:      noname_arrival_rooms_in_the_neighbourhood, layout_loops_ring
D:2:      layout_basic, chequers_ecumenical_altar_simple
D:3:      layout_basic
D:4:      layout_loops_ring, lemuel_coloured_pillars_altar,
          grunt_temple_overflow_open, uniq_crazy_yiuf_cottage
D:5:      layout_rooms, dreamdust_divine_triumvirate,
          minmay_temple_entry_antechambers, st_stairs_11

Skill      XL: |  1  2  3  4  5  6 |
---------------+-------------------+-----
Invocations    | 1 2 |  2.3
Short Blades   | 1 2 |  2.1
Long Blades    | 1 2 |  2.1
Axes           | 1 2 |  2.1
Maces & Flails | 1 2 |  2.1
Staves         | 1 2 |  2.1
Ranged Weapons | 1 2 |  2.1
Throwing       | 1 2 |  2.1
Dodging        | 1 2 |  2.1
Stealth        | 1 2 |  2.1
Unarmed Combat | 1 2 |  2.1
Spellcasting   | 1 2 |  2.1
Evocations     | 1 2 |  2.1
Conjurations   | 1 |  1.6
Hexes          | 1 |  1.6
Summonings     | 1 |  1.6
Necromancy     | 1 |  1.6
Translocations | 1 |  1.6
Transmutations | 1 |  1.6
Fire Magic     | 1 |  1.6
Ice Magic      | 1 |  1.6
Air Magic      | 1 |  1.6
Earth Magic    | 1 |  1.6
Poison Magic   | 1 |  1.6
Polearms       | 5 |  5.0
Fighting       | |  6.9
Armour         | |  6.9
Shields        | |  6.9

Action                   |  1- 3 |  4- 6 || total
-------------------------+-------+-------++-------
Melee: Trident           |    93 |   204 ||   297
       Bite              |     5 |    16 ||    21
Evoke: Wand              |       |     2 ||     2
  Use: Scroll            |       |     6 ||     6
Armor: Scale mail        |    17 |       ||    17
       Ice dragon scales |    14 |   117 ||   131
Dodge: Dodged            |    23 |    96 ||   119
Block: Buckler           |    16 |    45 ||    61

Table legend: (Time is in decaauts)
 A = Elapsed time spent in this place.
 B = Non-inter-level travel time spent in this place.
 C = Inter-level travel time spent in this place.
 D = Time resting spent in this place.
 E = Time spent auto-exploring this place.
 F = Levels seen in this place.
 G = Mean time per level.
                   A        B        C        D        E       F      G
               +--------+--------+--------+--------+--------+-----+--------+
         Total |   3845 |   3580 |    265 |    201 |   2748 |   5 |  769.0 |
       Dungeon |   3845 |   3580 |    265 |    201 |   2748 |   5 |  769.0 |
               +--------+--------+--------+--------+--------+-----+--------+

Top non-repeatable levels by time:
     D:4: 1328 daAuts
     D:3: 1004 daAuts
     D:1: 798 daAuts
     D:2: 664 daAuts
     D:5: 49 daAuts
